 Dungeon Crawl Stone Soup version 0.31.0-32-g396128a36d (webtiles) character file.

Game seed: 7412288348750189422

12 ironsdan the Magician (level 2, 0/21 HPs)
             Began as a Djinni Hedge Wizard on Mar 24, 2024.
             Slain by a giant cockroach (1 damage)
             ... on level 2 of the Dungeon.
             The game lasted 00:02:36 (792 turns).

ironsdan the Magician (Djinni Hedge Wizard)          Turns: 792, Time: 00:02:36

Health: 0/21       AC:  2    Str:  9    XL:     2   Next: 45%
Gold:   115        EV: 12    Int: 15    God:
                   SH:  0    Dex: 12

rFire   + + .        a - +0 dagger
rCold   x . .        (no shield)
rNeg    . . .        b - +0 robe
rPois   ∞            c - +0 hat
rElec   .            (no cloak)
rCorr   .            (no gloves)
SInv    .            (boots unavailable)
Will    +....        (no amulet)
Stlth   ++           d - +4 ring of slaying
HPRegen 0.23/turn    (no ring)
MPRegen 0.00/turn

%: infuse magic (-1 HP)
@: enlightened, flying, very slightly contaminated
A: sickness immunity, fire resistance 2, cold vulnerability 1, float, innate
caster, HP casting, extra vitality 1
a: no special abilities


You were on level 2 of the Dungeon.
You visited 1 branch of the dungeon, and saw 2 of its levels.

You collected 115 gold pieces.

Inventory:

Hand Weapons
 a - a +0 dagger (weapon)
Missiles
 e - 4 poisoned darts
Armour
 b - a +0 robe (worn)
 c - a +0 hat (worn)
Jewellery
 d - a +4 ring of slaying (left hand)


   Skills:
 + Level 2.5 Dodging
 + Level 1.9 Stealth
 + Level 3.2 Spellcasting
 + Level 3.2 Conjurations
 + Level 3.2 Hexes
 + Level 3.2 Summonings
 + Level 3.2 Necromancy
 + Level 3.2 Translocations
 + Level 3.2 Fire Magic
 + Level 3.2 Ice Magic
 + Level 3.2 Air Magic
 + Level 3.2 Earth Magic
 + Level 3.2 Alchemy


You knew the following spells:

 Your Spells              Type           Power      Damage    Failure   Level
a - Magic Dart            Conj           48%        1d5       5%          1
b - Slow                  Hex            48%        N/A       5%          1
c - Blink                 Tloc           24%        N/A       8%          2
d - Call Imp              Summ           24%        N/A       8%          2
e - Mephitic Cloud        Conj/Alch/Air  12%        N/A       16%         3
Your spell library was empty.

Dungeon Overview and Level Annotations

Branches:
Dungeon (2/15)

Altars:


Innate Abilities, Weirdness & Mutations

You are immune to sickness and miasma.
You are immune to poison.
Your flesh is very heat resistant. (rF++)
You are vulnerable to cold. (rC-)
You float through the air rather than walking.
You learn spells naturally, not from books.
Your magical power is your life essence.
You have superior vitality. (+4 MHP)


Message History

You blink.
A giant cockroach, an endoplasm and a kobold come into view.
The endoplasm quivers.
Your cerulean imp hits the endoplasm but does no damage.
The giant cockroach moves out of view.
The endoplasm moves out of view.
Your cerulean imp hits the endoplasm with a -3 spear.
Your cerulean imp hits the endoplasm from afar with a -3 spear.
The endoplasm freezes you.
You are frozen.
You feel a terrible chill!
* * * LOW HITPOINT WARNING * * *
The endoplasm attacks as it pursues you!
The endoplasm hits you.
* * * LOW HITPOINT WARNING * * *
Your cerulean imp hits the endoplasm but does no damage.
Okay, then.
The endoplasm attacks as it pursues you!
The endoplasm hits you.
* * * LOW HITPOINT WARNING * * *
It was a potion of enlightenment.
You feel more buoyant.
Your cerulean imp is frozen.
The endoplasm hits you.
* * * LOW HITPOINT WARNING * * *
It was a potion of magic.
Magic washes over you without effect.
You feel ready to blink again. The endoplasm barely misses you.
Casting: Blink (safe; 8% risk of failure)
Confirm with . or Enter, or press ? or * to list all spells.
Okay, then.
You hit the endoplasm.
You kill the endoplasm!
Casting: Blink (safe; 8% risk of failure)
Confirm with . or Enter, or press ? or * to list all spells.
Aiming: Magic Dart (safe; 5% risk of failure)
Press: ? - help, Shift-Dir - straight line, f - giant cockroach
Aim: a giant cockroach (ally target, 100% to hit)
The magic dart hits the giant cockroach.
The giant cockroach is moderately wounded.
* * * LOW HITPOINT WARNING * * *
The giant cockroach bites you.
You die...

##.####.#.#.#....
#.# #.#.#.##..####
#.####.#..........
#..........##...#
######.###.J....####
..........#....##
#.....#.#...B.....
#####.#.##5####.##
.#.##.B@.#
##.#######


You could see a giant cockroach (ally target) and a friendly cerulean imp
(summoned).

Vanquished Creatures
  2 dart slugs (D:1)
  An endoplasm (D:2)
  2 giant cockroaches (D:1)
  A ball python (D:1)
  A frilled lizard (D:1)
  2 rats (D:1)
9 creatures vanquished.

Notes
Turn   | Place    | Note
-------+----------+-------------------------------------------
     0 | D:1      | ironsdan the Djinni Hedge Wizard began the quest for the
                  | Orb.
     0 | D:1      | ironsdan set off with the following spells memorised: Magic
                  | Dart, Slow, Blink, Call Imp, Mephitic Cloud.
     0 | D:1      | Reached XP level 1. HP: 15/15 MP: 0/0
   273 | D:1      | Reached XP level 2. HP: 18/21 MP: 0/0
   789 | D:2      | HP: 1/21 [endoplasm (1)]
   792 | D:2      | Slain by a giant cockroach

Illustrated notes

Levels and vault maps discovered:
D:1:      minmay_arrival_arboretum_small, layout_basic
D:2:      layout_basic

Action                     || total
---------------------------++-------
  Melee: Dagger            ||     4
   Cast: Magic Dart        ||    20
         Blink             ||     1
         Call Imp          ||     1
    Use: Potion            ||     2
 Armour: Robe              ||     6
  Dodge: Dodged            ||     2
